 Dungeon Crawl Stone Soup version 0.31-a0-355-g57cb03d3e8 (webtiles) character file.

Game seed: 5330984968397411662

765 cforsyth the Charlatan (level 7, 0/53 HPs)
             Began as a Gnoll Artificer on July 24, 2023.
             Was a Follower of Okawaru.
             Slain by Edmund
             ... wielding a +3 flail of venom
              (1 damage)
             ... on level 4 of the Dungeon.
             The game lasted 00:05:25 (3532 turns).

cforsyth the Charlatan (Gnoll Artificer)            Turns: 3532, Time: 00:05:25

Health: 0/53       AC: 19    Str: 12    XL:     7   Next: 81%
Magic:  11/11      EV:  7    Int: 17    God:    Okawaru [*.....]
Gold:   165        SH:  0    Dex: 12    Spells: 11/11 levels left

rFire   . . .        p - +1 dagger (venom)
rCold   . . .        (no shield)
rNeg    + . .        u - +6 chain mail of the Hot Ocelot {Int+5}
rPois   .            (no helmet)
rElec   .            h - +0 cloak
rCorr   .            l - +0 pair of gloves
SInv    .            n - +0 pair of boots
Will    .....        (no amulet) Stlth
                     G - ring of positive energy
HPRegen 0.28/turn    (no ring)
MPRegen 0.12/turn

%: no passive effects
@: lethally poisoned (0 -> -12)
A: fangs 1, strong nose, distributed training
a: Renounce Religion, Heroism


You were on level 4 of the Dungeon.
You worshipped Okawaru.
Okawaru was aware of your devotion.
You visited 2 branches of the dungeon, and saw 5 of its levels.

You collected 165 gold pieces.

Inventory:

Hand Weapons
 a - a +0 club
 p - a +1 dagger of venom (weapon)
Armour
 b - a +0 leather armour
 h - a +0 cloak (worn)
 l - a +0 pair of gloves (worn)
 n - a +0 pair of boots (worn)
 u - the +6 chain mail of the Hot Ocelot (worn) {Int+5}
   (You found it on level 2 of the Dungeon)

   Int:       It affects your intelligence (+5).
Jewellery
 s - a +6 ring of dexterity
 y - a ring of willpower
 B - a ring of protection from cold
 G - a ring of positive energy (left hand)
Wands
 c - a wand of flame (19) (quivered)
 d - a wand of charming (15)
 e - a wand of iceblast (5)
 x - a wand of roots (13)
Scrolls
 f - a scroll of teleportation {unknown}
 g - a scroll of fear {unknown}
 i - a scroll of poison {unknown}
 j - a scroll of brand weapon {unknown}
 m - a scroll of identify {unknown}
 o - a scroll of blinking {unknown}
 q - 2 scrolls of immolation {unknown}
 r - a scroll of amnesia {unknown}
 t - a scroll of enchant armour {unknown}
 w - a scroll of torment {unknown}
 A - a scroll of fog {unknown}
 D - a scroll of butterflies {unknown}
Potions
 k - 3 potions of heal wounds {unknown}
 v - a potion of degeneration {unknown}
 z - a potion of brilliance {unknown}
 C - a potion of ambrosia {unknown}
 E - a potion of haste {unknown}
 F - a potion of lignification {unknown}
 H - a potion of resistance {unknown}


   Skills:
 + Level 3.8 Fighting
 + Level 2.8 Short Blades
 + Level 2.8 Long Blades
 + Level 2.8 Axes
 + Level 2.8 Maces & Flails
 + Level 2.8 Polearms
 + Level 2.8 Staves
 + Level 2.8 Ranged Weapons
 + Level 2.8 Throwing
 + Level 5.4 Armour
 + Level 3.8 Dodging
 + Level 3.7 Stealth
 + Level 2.8 Shields
 + Level 2.8 Unarmed Combat
 + Level 2.8 Spellcasting
 + Level 2.2 Conjurations
 + Level 2.2 Hexes
 + Level 2.2 Summonings
 + Level 2.2 Necromancy
 + Level 2.2 Translocations
 + Level 2.2 Transmutations
 + Level 2.2 Fire Magic
 + Level 2.2 Ice Magic
 + Level 2.2 Air Magic
 + Level 2.2 Earth Magic
 + Level 2.2 Poison Magic
 + Level 3.1 Invocations
 + Level 7.1 Evocations
 + Level 2.2 Shapeshifting


You had 11 spell levels left.
You didn't know any spells.
Your spell library contained the following spells:

 Spells                   Type           Power      Damage    Failure   Level
 Blink                    Tloc           20%        N/A       91%         2
 Sublimation of Blood     Necr           10%        N/A       91%         2
 Wereblood                Tmut           10%        N/A       91%         2
 Portal Projectile        Hex/Tloc       20%        N/A       99%         3
 Leda's Liquefaction      Hex/Erth       5%         N/A       100%        4
 Manifold Assault         Tloc           10%        N/A       100%        4
 Call Canine Familiar     Summ           Unusable   N/A       N/A         3
 Summon Hydra             Summ           Unusable   N/A       N/A         7

Dungeon Overview and Level Annotations

Branches:
Dungeon (4/15)             Temple (1/1) D:4

Altars:
Dithmenos
Elyvilon
Fedhas
Gozag
Hepliaklqana
Okawaru
Qazlal
Sif Muna
Trog
Vehumet
Wu Jian
Zin

Annotations:
D:4 Edmund


Innate Abilities, Weirdness & Mutations

You have very sharp teeth.
Your uncanny sense of smell can sniff out nearby items.
Your experience applies equally to all skills.


Message History

You are more poisoned.
You hit Edmund.
Edmund looks even sicker.
Edmund is lightly wounded.
You feel very sick.
You completely miss Edmund. You punch Edmund, but do no damage.
Edmund is lightly wounded.
You feel very sick. Edmund closely misses you.
You hit Edmund.
Edmund looks as sick as possible!
Edmund is moderately wounded.
You feel very sick.
Edmund hits you with a +3 flail of venom.
You are lethally poisoned!
You hit Edmund but do no damage.
Edmund looks as sick as possible!
Edmund is moderately wounded.
You feel very sick. Edmund closely misses you.
You completely miss Edmund.
Edmund is moderately wounded.
You feel very sick.
Edmund hits you with a +3 flail of venom.
* * * LOW HITPOINT WARNING * * *
Aiming: Throw Flame
Press: ? - help, Shift-Dir - straight line, f - Edmund
Aim: Edmund, wielding a +3 flail of venom and wearing a +0 leather armour (moderately wounded, extremely poisoned, 76% to hit)
The puff of flame hits Edmund!
Edmund is heavily wounded.
* * * LOW HITPOINT WARNING * * *
You feel very sick.
Edmund hits you with a +3 flail of venom.
* * * LOW HITPOINT WARNING * * *
Aiming: Throw Flame
Press: ? - help, Shift-Dir - straight line, f/p - Edmund
Aim: Edmund, wielding a +3 flail of venom and wearing a +0 leather armour (severely wounded, extremely poisoned, 76% to hit)
The puff of flame hits Edmund!
Edmund is almost dead.
* * * LOW HITPOINT WARNING * * *
You feel very sick.
Edmund hits you with a +3 flail of venom.
You die...

. ### .# . _#.#
##.# . #.# #..# .
#.# #.. 8 #.## #.#
#########..####.#
...........#....#
................##
.............##.@#
.........#######@#
.......### ...#
.....### ....#
....## .....#
#.### ....... ###
#######.. ## ∆


You could see Edmund (extremely poisoned).

Vanquished Creatures
  Grinder (D:4)
  Sigmund (D:4)
  An ogre (D:4)
  A scorpion (D:4)
  A hound (D:4)
  Jessica (D:2)
  Natasha (D:4)
  4 gnolls
  9 adders
  An ufetubus (D:4)
  2 dart slugs
  An orc (D:3)
  6 ball pythons
  8 endoplasms
  3 giant cockroaches
  5 goblins
  3 hobgoblins
  6 kobolds
  5 quokkas
  2 bats
  3 frilled lizards
  6 rats
71 creatures vanquished.

Notes
Turn   | Place    | Note
-------+----------+-------------------------------------------
     0 | D:1      | cforsyth the Gnoll Artificer began the quest for the Orb.
     0 | D:1      | Reached XP level 1. HP: 17/17 MP: 1/1
    33 | D:1      | Reached XP level 2. HP: 11/23 MP: 2/2
   390 | D:1      | Reached XP level 3. HP: 28/28 MP: 3/3
   584 | D:1      | Reached skill level 1 in Invocations
   944 | D:1      | Reached skill level 1 in Short Blades
   944 | D:1      | Reached skill level 1 in Long Blades
   944 | D:1      | Reached skill level 1 in Axes
   944 | D:1      | Reached skill level 1 in Maces & Flails
   944 | D:1      | Reached skill level 1 in Polearms
   944 | D:1      | Reached skill level 1 in Staves
   944 | D:1      | Reached skill level 1 in Ranged Weapons
   944 | D:1      | Reached skill level 1 in Throwing
   944 | D:1      | Reached skill level 1 in Shields
   944 | D:1      | Reached skill level 1 in Unarmed Combat
   944 | D:1      | Reached skill level 1 in Spellcasting
  1251 | D:2      | Reached XP level 4. HP: 33/34 MP: 5/5
  1538 | D:2      | Reached skill level 1 in Conjurations
  1538 | D:2      | Reached skill level 1 in Hexes
  1538 | D:2      | Reached skill level 1 in Summonings
  1538 | D:2      | Reached skill level 1 in Necromancy
  1538 | D:2      | Reached skill level 1 in Translocations
  1538 | D:2      | Reached skill level 1 in Transmutations
  1538 | D:2      | Reached skill level 1 in Fire Magic
  1538 | D:2      | Reached skill level 1 in Ice Magic
  1538 | D:2      | Reached skill level 1 in Air Magic
  1538 | D:2      | Reached skill level 1 in Earth Magic
  1538 | D:2      | Reached skill level 1 in Poison Magic
  1538 | D:2      | Reached skill level 1 in Shapeshifting
  1765 | D:2      | Identified the +6 chain mail of the Hot Ocelot {Int+5}
  2027 | D:2      | Noticed Jessica
  2038 | D:2      | Killed Jessica
  2039 | D:2      | Reached XP level 5. HP: 21/40 MP: 5/7
  2991 | D:4      | Noticed Sigmund
  2997 | D:4      | Found a staircase to the Ecumenical Temple.
  3024 | D:4      | Killed Sigmund
  3025 | D:4      | Reached skill level 5 in Armour
  3025 | D:4      | Reached XP level 6. HP: 42/47 MP: 7/9
  3161 | D:4      | Reached XP level 7. HP: 41/52 MP: 10/10
  3225 | Temple   | Entered the Ecumenical Temple
  3242 | Temple   | Became a worshipper of Warmaster Okawaru
  3301 | D:4      | Noticed Natasha
  3309 | D:4      | Killed Natasha
  3310 | D:4      | Reached skill level 7 in Evocations
  3360 | D:4      | Noticed Grinder
  3362 | D:4      | Found a radiant altar of Vehumet.
  3368 | D:4      | Paralysed by Grinder for 4 turns
  3387 | D:4      | Killed Grinder
  3387 | D:4      | Reached * piety under Okawaru
  3516 | D:4      | Found a blossoming altar of Fedhas.
  3522 | D:4      | Noticed Edmund
  3532 | D:4      | HP: 1/53 [poisoned by Edmund]
  3532 | D:4      | Slain by Edmund

Illustrated notes

Levels and vault maps discovered:
D:1:      minmay_arrival_jagged, layout_rooms, minivault_19, st_stairs_9
D:2:      layout_basic, uniq_jessica
D:3:      layout_basic
D:4:      kennysheep_big_flooded_room, layout_cave_pods,
          nicolae_overflow_hidden_temple, nicolae_vehumet_altar_sigil,
          minmay_temple_entry_slanted, uniq_grinder, uniq_natasha, uniq_edmund,
          uniq_sigmund
Temple:   zaba_magenta_temple

Skill      XL: |  1  2  3  4  5  6  7 |
---------------+----------------------+-----
Invocations    | 1 2 3 |  3.1
Short Blades   | 1 2 |  2.8
Long Blades    | 1 2 |  2.8
Axes           | 1 2 |  2.8
Maces & Flails | 1 2 |  2.8
Polearms       | 1 2 |  2.8
Staves         | 1 2 |  2.8
Ranged Weapons | 1 2 |  2.8
Throwing       | 1 2 |  2.8
Shields        | 1 2 |  2.8
Unarmed Combat | 1 2 |  2.8
Spellcasting   | 1 2 |  2.8
Conjurations   | 1 2 |  2.2
Hexes          | 1 2 |  2.2
Summonings     | 1 2 |  2.2
Necromancy     | 1 2 |  2.2
Translocations | 1 2 |  2.2
Transmutations | 1 2 |  2.2
Fire Magic     | 1 2 |  2.2
Ice Magic      | 1 2 |  2.2
Air Magic      | 1 2 |  2.2
Earth Magic    | 1 2 |  2.2
Poison Magic   | 1 2 |  2.2
Shapeshifting  | 1 2 |  2.2
Fighting       | 3 |  3.8
Dodging        | 3 |  3.8
Armour         | 5 |  5.4
Stealth        | 3 |  3.7
Evocations     | 7 |  7.1

Action                     |  1- 3 |  4- 6 |  7- 9 || total
---------------------------+-------+-------+-------++-------
  Melee: Club              |    97 |    46 |       ||   143
         Bite              |    11 |    13 |     7 ||    31
         Punch             |     1 |     3 |     1 ||     5
         Dagger            |       |    91 |    54 ||   145
  Evoke: Wand              |     2 |     5 |     2 ||     9
   Stab: Sleeping          |       |     3 |       ||     3
 Armour: Leather armour    |    29 |    20 |       ||    49
         Chain mail        |       |    81 |    30 ||   111
  Dodge: Dodged            |    77 |    75 |    11 ||   163

Table legend: (Time is in decaauts)
 A = Elapsed time spent in this place.
 B = Non-inter-level travel time spent in this place.
 C = Inter-level travel time spent in this place.
 D = Time resting spent in this place.
 E = Time spent auto-exploring this place.
 F = Levels seen in this place.
 G = Mean time per level.
                   A        B        C        D        E       F      G
               +--------+--------+--------+--------+--------+-----+--------+
         Total |   3557 |   3371 |    186 |    631 |   1957 |   5 |  711.4 |
       Dungeon |   3522 |   3353 |    169 |    631 |   1957 |   4 |  880.5 |
        Temple |     34 |     17 |     17 |      0 |      0 |   1 |   34.0 |
               +--------+--------+--------+--------+--------+-----+--------+

Top non-repeatable levels by time:
     D:1: 1257 daAuts
     D:2: 1001 daAuts
     D:3: 731 daAuts
     D:4: 532 daAuts
  Temple: 34 daAuts
